 Dungeon Crawl Stone Soup version 0.16.1-11-g651b585 (webtiles) character file.

51 Magnus the Charmwright (level 3, -6/25 HPs)
             Began as a High Elf Skald on Apr 5, 2015.
             Mangled by Crazy Yiuf
             ... wielding a +2 quarterstaff of chaos
              (10 damage)
             ... on level 2 of the Dungeon.
             The game lasted 00:07:15 (1999 turns).

Magnus the Charmwright (High Elf Skald)             Turns: 1999, Time: 00:07:15

Health: -6/25      AC:  5    Str: 12    XL:     3   Next: 58%
Magic:  3/8        EV: 12    Int: 16    God:
Gold:   50         SH:  0    Dex: 14    Spells: 2 memorised, 2 levels left

rFire  . . .     SeeInvis .     a - +0 falchion
rCold  . . .     Clarity  .     b - +0 leather armour
rNeg   . . .     SustAb   .     (no shield)
rPois  .         Gourm    .     (no helmet)
rElec  .         Spirit   .     (no cloak)
rCorr  .         Warding  .     (no gloves)
rMut   .         Stasis   .     m - +1 pair of boots
MR     .....                    (no amulet)
Stlth  +.........               (no ring)
                                (no ring)

@: not resistant to hostile enchantments, very unstealthy
A: no striking features
a: no special abilities


You were on level 2 of the Dungeon.
You were not hungry.

You visited 1 branch of the dungeon, and saw 2 of its levels.

You collected 50 gold pieces.

Inventory:

Hand weapons
 a - a +0 falchion (weapon)
 i - a +0 dagger
Armour
 b - a +0 leather armour (worn)
 m - a +1 pair of boots (worn)
Jewellery
 h - an uncursed amulet of the gourmand {unknown}
Scrolls
 e - a scroll of recharging {unknown}
 f - a scroll of amnesia {unknown}
 g - a scroll of fear {unknown}
 j - 4 scrolls of identify {unknown}
 k - a scroll of remove curse {unknown}
 l - a scroll of teleportation {unknown}
Potions
 n - a potion of degeneration {unknown}
 o - 2 potions of lignification
Books
 c - a book of Battle

   Spells                             Type                      Level
   a - Infusion                       Charms                       1
   b - Shroud of Golubria             Charms/Translocation         2
   c - Song of Slaying                Charms                       2
   d - Spectral Weapon                Hexes/Charms                 3
   e - Regeneration                   Charms/Necromancy            3
Comestibles
 d - a bread ration
 p - a fruit


   Skills:
 + Level 2.8 Fighting
 + Level 3.2 Long Blades
 - Level 0.8 Armour
 + Level 2.0 Dodging
 - Level 2.4 Spellcasting
 + Level 4.1 Charms


You had 2 spell levels left.
You knew the following spells:

 Your Spells              Type           Power        Failure   Level  Hunger
a - Infusion              Chrm           ###...       6%          1    #......
b - Spectral Weapon       Hex/Chrm       #.......     34%         3    ###....


Dungeon Overview and Level Annotations

Branches:
Dungeon (2/15)

Altars:

Annotations:
D:2 Crazy Yiuf


Message History

Crazy Yiuf is lightly wounded.
Your spectral weapon fades away.
Crazy Yiuf hits you with a quarterstaff of chaos.
Space bends around you.
Casting: Spectral Weapon
Confirm with . or Enter, or press ? or * to list all spells.
You draw out your weapon's spirit!
Crazy Yiuf hits you with a quarterstaff of chaos!
* * * LOW HITPOINT WARNING * * *
x2 You barely miss Crazy Yiuf.
Crazy Yiuf is lightly wounded.
Your spectral weapon hits Crazy Yiuf.
Crazy Yiuf barely misses you.
You hit Crazy Yiuf.
Crazy Yiuf is moderately wounded.
Your spectral weapon hits Crazy Yiuf.
Crazy Yiuf barely misses you.
You closely miss Crazy Yiuf.
Crazy Yiuf is severely wounded.
Your spectral weapon barely misses Crazy Yiuf.
Crazy Yiuf hits you with a quarterstaff of chaos!
You die...

#.#
##.....##....##.
#.#
#......##.##.##.
#.##
#.##.#.##.##.##.
#..###.
#.#..........
#...##
..#.##.######
#....# ####.##.#
#+..'# #.......#
♣....♣ #(...####
♣♣.(@♣ #...##
♣♣g♣♣ #...# ♣♣.♣
#<..# ♣.♣♣ #...#
♣.♣ #.).# .♣♣
#...# #. #...#
.. #...# #..
#.>.#


You could see Crazy Yiuf and a friendly spectral falchion.

Vanquished Creatures
  2 adders
  A worm (D:1)
  A giant gecko (D:1)
  4 bats (D:1)
  5 hobgoblins (D:1)
  2 kobolds (D:1)
  A ball python (D:1)
  A giant cockroach (D:1)
  A giant newt (D:1)
  4 goblins (D:1)
  5 rats (D:1)
27 creatures vanquished.

Notes
Turn   | Place    | Note
--------------------------------------------------------------
     0 | D:1      | Magnus, the High Elf Skald, began the quest for the Orb.
     0 | D:1      | Reached XP level 1. HP: 14/14 MP: 4/4
   295 | D:1      | Reached XP level 2. HP: 18/20 MP: 6/6
   911 | D:1      | Reached XP level 3. HP: 25/25 MP: 8/8
  1451 | D:1      | Learned a level 3 spell: Spectral Weapon
  1654 | D:2      | Reached skill level 4 in Charms
  1987 | D:2      | Noticed Crazy Yiuf
  1999 | D:2      | Mangled by Crazy Yiuf

Action                   || total
-------------------------++-------
Melee: Falchion          ||    89
       Dagger            ||    12
 Cast: Infusion          ||     4
       Spectral Weapon   ||     4
  Use: Potion            ||     1
  Eat: Chunk             ||     2
       Bread ration      ||     1
